 Dungeon Crawl Stone Soup version 0.29-a0-721-g7f417c9bbb (webtiles) character file.

Game seed: 18353991191489464451

266 zeratav the Shooter (level 6, 0/43 HPs)
             Began as a Spriggan Arcane Marksman on June 27, 2022.
             Succumbed to an adder's poison
             ... on level 2 of the Dungeon.
             The game lasted 00:03:58 (3152 turns).

zeratav the Shooter (Spriggan Arcane Marksman)      Turns: 3152, Time: 00:03:58

Health: 0/43       AC:  2    Str:  6    XL:     6   Next: 0%
Magic:  9/9        EV: 17    Int: 14    God:
Gold:   51         SH:  0    Dex: 18    Spells: 6/7 levels left

rFire   . . .      SeeInvis +   g - +1 mace (venom) {mace}
rCold   . . .      Faith    .   (no shield)
rNeg    . . .      Spirit   .   c - +0 robe
rPois   .          Reflect  .   (helmet restricted)
rElec   .          Harm     .   (no cloak)
rCorr   .          Rampage  .   (gloves unavailable)
Will    +....                   (boots unavailable)
Stlth   ..........              (no amulet)
HPRegen 0.14/turn               (no ring)
MPRegen 0.11/turn               (no ring)

@: berserking (expiring), lethally poisoned (0 -> -2), very quick
A: very small, no large weapons, unfitting armour, see invisible, speed 3
a: no special abilities


You were on level 2 of the Dungeon.
You visited 1 branch of the dungeon, and saw 2 of its levels.

You collected 51 gold pieces.


Innate Abilities, Weirdness & Mutations

You are very small and have problems with some larger weapons.
You are too small for most types of armour.
You have supernaturally acute eyesight. (SInv)
You cover ground extremely quickly. (Speed+++)


   Skills:
 - Level 0.7 Fighting
 + Level 7.6 Ranged Weapons
 - Level 2.6 Dodging
 - Level 1.3 Spellcasting
 - Level 3.6 Hexes


You had 6 spell levels left.
You knew the following spells:

 Your Spells              Type           Power      Damage    Failure   Level
a - Slow                  Hex            44%        N/A       6%          1

Your spell library contained the following spells:

 Spells                   Type           Power      Damage    Failure   Level
 Inner Flame              Hex/Fire       6%         N/A       36%         3
 Portal Projectile        Hex/Tloc       12%        N/A       36%         3
 Cause Fear               Hex            5%         N/A       50%         4
 Gell's Gravitas          Tloc           0%         N/A       58%         3
 Lesser Beckoning         Tloc           0%         N/A       58%         3
 Teleport Other           Tloc           0%         N/A       58%         3

Inventory:

Hand Weapons
 a - a +0 sling
 g - a +1 mace of venom (weapon) {mace}
   (You found it on level 1 of the Dungeon)
Armour
 c - a +0 robe (worn)
Jewellery
 h - a ring of positive energy
   (You found it on level 1 of the Dungeon)
 l - a ring of protection from fire
   (You found it on level 2 of the Dungeon)
Scrolls
 b - a scroll of vulnerability {!r!r}
 d - a scroll of enchant armour {unknown}
 f - 4 scrolls of identify {unknown}
 k - 2 scrolls of teleportation {unknown}
Potions
 e - a potion of magic
 j - a potion of attraction {unknown}

Dungeon Overview and Level Annotations

Branches:
Dungeon (2/15) Zot: 9264

Altars:

...# #. #.##.#
#######..###.####.##.#
#............>.....†.#
#..####.###.#### #..#
#.# #.# ##.#####..#
#.# #.# ..........#
#.# #.#
##.#####.#####.###.#
#.#####.S@........#
#.............#####
###############


You could see an adder.


Message History

The adder misses you.
You shoot a sling bullet.
The sling bullet closely misses the adder.
The adder bites you but does no damage.
You shoot a sling bullet.
The sling bullet hits the adder but does no damage.
The adder bites you. x2
You are poisoned.
The adder poisons you!
HP[-4]
You take 4 damage, and now have 22/29 hp.
You shoot a sling bullet.
The sling bullet hits the adder but does no damage.
You feel sick. The adder barely misses you.
HP[-2]
You take 2 damage, and now have 20/29 hp.
You shoot a sling bullet.
The sling bullet closely misses the adder.
You feel sick. The adder bites you but does no damage.
HP[-1]
You take 1 damage, and now have 19/29 hp.
You shoot a sling bullet. The sling bullet hits the adder!
You feel sick. The adder bites you.
You are more poisoned.
The adder poisons you! The adder barely misses you.
HP[-3]
You take 3 damage, and now have 16/29 hp.
Fire: a) +0 sling
Press: ? - help, Q - select action, (/) - cycle Shift-Dir - straight line, f/p - adder
Aim: an adder (almost dead, 44% to hit)
You shoot a sling bullet.
The sling bullet closely misses the adder.
You feel sick. The adder completely misses you.
HP[-2]
You take 2 damage, and now have 14/29 hp.
You feel sick.
HP[-1]
You take 1 damage, and now have 13/29 hp.
You feel sick.
HP[-1]
You take 1 damage, and now have 12/29 hp.
Fire: a) +0 sling
Press: ? - help, Q - select action, (/) - cycle Shift-Dir - straight line, f/p - adder
Aim: an adder (almost dead, 44% to hit)
You shoot a sling bullet.
The sling bullet barely misses the adder.
You feel sick. The adder misses you.
HP[-1]
You take 1 damage, and now have 11/29 hp.
Fire: a) +0 sling
Press: ? - help, Q - select action, (/) - cycle Shift-Dir - straight line, f/p - adder
Aim: an adder (almost dead, 44% to hit)
You shoot a sling bullet. The sling bullet misses the adder.
You feel sick. The adder bites you.
* * * LOW HITPOINT WARNING * * *
You are lethally poisoned!
The adder poisons you!
HP[-4]
You take 4 damage, and now have 7/29 hp.
* * * LOW HITPOINT WARNING * * *
You feel sick.
HP[-1]
You take 1 damage, and now have 6/29 hp.
* * * LOW HITPOINT WARNING * * *
You feel sick.
You see here a worm corpse.
HP[-1]
You take 1 damage, and now have 5/29 hp.
It was a potion of magic.
Magic courses through your body.
* * * LOW HITPOINT WARNING * * *
You feel sick. The adder misses you.
HP[-1]
You take 1 damage, and now have 4/29 hp.
It was a potion of berserk rage.
A red film seems to cover your vision as you go berserk!
You feel yourself moving faster!
You feel mighty!
* * * LOW HITPOINT WARNING * * *
You feel sick. The adder barely misses you.
HP[+1]
You now have 43 max hp (+14).
You are too berserk!
You are too berserk!
Okay, then.
Your +1 mace of venom {mace} begins to drip with poison!
g - a +1 mace of venom (weapon)
{mace} You feel a strong urge to attack something.
You closely miss the adder.
* * * LOW HITPOINT WARNING * * *
You feel sick. The adder bites you.
* * * LOW HITPOINT WARNING * * *
The adder closely misses you.
HP[-3]
You take 3 damage, and now have 2/43 hp.
You closely miss the adder.
* * * LOW HITPOINT WARNING * * *
You feel sick. The adder closely misses you.
HP[-1]
You take 1 damage, and now have 1/43 hp.
You closely miss the adder.
You die...

Skill      XL: |  1  2  3  4 |
---------------+-------------+-----
Ranged Weapons | 3 4 5 7 |  7.6
Fighting       | |  0.7
Dodging        | |  2.6
Spellcasting   | |  1.3
Hexes          | |  3.6

Action                   |  1- 3 |  4- 6 || total
-------------------------+-------+-------++-------
Melee: Mace              |       |     3 ||     3
 Fire: Sling             |   117 |    95 ||   212
 Cast: Slow              |     9 |     3 ||    12
  Use: Potion            |       |     2 ||     2
Armor: Robe              |     5 |     2 ||     7
Dodge: Dodged            |    60 |    33 ||    93

Levels and vault maps discovered:
D:1:      matt_arrival_grand_opening, layout_loops_cross,
          dreamdust_ecumenical_altar_hidden_monk_grotto
D:2:      layout_loops_ring, uniq_jessica, uniq_sigmund, uniq_robin,
          uniq_terence, uniq_natasha

Notes
Turn   | Place    | Note
-------+----------+-------------------------------------------
     0 | D:1      | zeratav the Spriggan Arcane Marksman began the quest for
                  | the Orb.
     0 | D:1      | Reached XP level 1. HP: 9/9 MP: 3/3
     0 | D:1      | magus.rc [v1.9.6]
    67 | D:1      | Reached skill level 3 in Ranged Weapons
    67 | D:1      | Reached XP level 2. HP: 14/14 MP: 5/5
   180 | D:1      | Reached skill level 4 in Ranged Weapons
   187 | D:1      | HP: 3/14 [jackal (2)]
   676 | D:1      | Reached XP level 3. HP: 17/17 MP: 6/6
   797 | D:1      | Found a faded altar of an unknown god.
  1068 | D:1      | You pick up a book of Displacement and begin reading...
  1068 | D:1      | You add the spells Lesser Beckoning, Gell's Gravitas and
                  | Teleport Other to your library.
  1320 | D:2      | Noticed Sigmund
  1322 | D:2      | Noticed Jessica
  1343 | D:2      | HP: 4/17 [Sigmund/puff of flame (7)]
  1643 | D:2      | HP: 3/17 [Sigmund/puff of flame (7)]
  1954 | D:2      | HP: 2/17 [Jessica/+0 dagger (5)]
  1955 | D:2      | Killed Jessica
  1956 | D:2      | Reached skill level 5 in Ranged Weapons
  1956 | D:2      | Reached XP level 4. HP: 2/21 MP: 7/7
  2268 | D:2      | HP: 2/21 [Sigmund/puff of flame (8)]
  2270 | D:2      | Killed Sigmund
  2271 | D:2      | Reached skill level 7 in Ranged Weapons
  2271 | D:2      | Reached XP level 5. HP: 3/25 MP: 8/8
  2437 | D:2      | HP: 6/25 [poisoned by an adder]
  3118 | D:2      | Reached XP level 6. HP: 29/29 MP: 9/9
  3144 | D:2      | HP: 7/29 [adder (3)]
  3150 | D:2      | HP: 4/43 [poisoned by an adder]
  3151 | D:2      | HP: 1/43 [poisoned by an adder]
  3152 | D:2      | Succumbed to an adder's poison

Vanquished Creatures
  Sigmund (D:2)
  Jessica (D:2)
  A gnoll (D:1)
  2 adders (D:2)
  2 worms (D:2)
  A dart slug (D:2)
  A ball python (D:1)
  4 endoplasms
  A goblin (D:1)
  4 hobgoblins
  16 jackals
  3 kobolds
  2 quokkas (D:2)
  3 frilled lizards (D:1)
  3 rats
45 creatures vanquished.

Table legend:
 A = Non-vault XP
 B = Vault XP
 C = Vault XP percentage of total XP
 D = Non-vault monster count
 E = Vault monster count
 F = Vault count percentage of total count
                 A         B        C        D         E       F
            +---------+---------+-------+---------+---------+-------
      Total |     120 |     260 |  68.4 |      43 |       2 |   4.4
            +---------+---------+-------+---------+---------+-------
        D:1 |      59 |       0 |   0.0 |      26 |       0 |   0.0
        D:2 |      61 |     260 |  81.0 |      17 |       2 |  10.5
            +---------+---------+-------+---------+---------+-------

Illustrated notes

Table legend:
 A = Kills in this place as a percentage of kills in entire the game.
 B = Kills by you in this place as a percentage of kills by you in the entire game.
 C = Kills by friends in this place as a percentage of kills by friends in the entire game.
 D = Other kills in this place as a percentage of other kills in the entire game.
 E = Experience gained in this place as a percentage of experience gained in the entire game.
 F = Experience gained in this place divided by the number of levels of this place that you have seen.
                   A       B       C       D       E      F
               +-------+-------+-------+-------+-------+----------------------
         Total | 100.0 | 100.0 |   N/A |   N/A | 100.0 | 190.0
       Dungeon | 100.0 | 100.0 |   N/A |   N/A | 100.0 | 190.0
               +-------+-------+-------+-------+-------+----------------------

Table legend: (Time is in decaauts)
 A = Elapsed time spent in this place.
 B = Non-inter-level travel time spent in this place.
 C = Inter-level travel time spent in this place.
 D = Time resting spent in this place.
 E = Time spent auto-exploring this place.
 F = Levels seen in this place.
 G = Mean time per level.
                   A        B        C        D        E       F      G
               +--------+--------+--------+--------+--------+-----+--------+
         Total |   2735 |   2710 |     25 |   1405 |    899 |   2 | 1367.5 |
       Dungeon |   2735 |   2710 |     25 |   1405 |    899 |   2 | 1367.5 |
               +--------+--------+--------+--------+--------+-----+--------+

Top non-repeatable levels by time:
     D:1: 1644 daAuts
     D:2: 1091 daAuts
